 Dungeon Crawl Stone Soup version 0.31-a0-188-g5e087ee2ca (webtiles) character file.

Game seed: 11173565391771718975

14 qw the Shooter (level 2, -3/16 HPs)
             Began as a Deep Elf Hunter on June 23, 2023.
             Slain by a quokka (4 damage)
             ... on level 2 of the Dungeon.
             The game lasted 00:00:07 (327 turns).

qw the Shooter (Deep Elf Hunter)                     Turns: 327, Time: 00:00:08

Health: -3/16      AC:  3    Str:  8    XL:     2   Next: 31%
Magic:  4/4        EV: 12    Int: 13    God:
Gold:   25         SH:  0    Dex: 18    Spells: 1/1 levels left

rFire   . . .        a - +0 shortbow
rCold   . . .        (shield currently unavailable)
rNeg    . . .        c - +0 leather armour
rPois   .            (no helmet)
rElec   .            (no cloak)
rCorr   .            (no gloves)
SInv    .            (no boots)
Will    .....        (no amulet)
Stlth   ++           (no ring)
HPRegen 0.22/turn    (no ring)
MPRegen 0.09/turn

%: no passive effects
@: no status effects
A: no striking features
a: no special abilities


You were on level 2 of the Dungeon.
You visited 1 branch of the dungeon, and saw 2 of its levels.

You collected 51 gold pieces.
You spent 26 gold pieces at shops.


   Skills:
 - Level 1.5 Fighting
 + Level 6.1 Ranged Weapons
 - Level 2.4 Dodging
 - Level 1.2 Stealth


You had one spell level left.
You didn't know any spells.
Your spell library was empty.

Inventory:

Hand Weapons
 a - a +0 shortbow (weapon)
Armour
 c - a +0 leather armour (worn)
Scrolls
 b - a scroll of butterflies
 d - 2 scrolls of revelation {unknown}
 g - a scroll of fog {unknown}
 h - a scroll of identify
Potions
 e - a potion of experience {unknown}
 f - a potion of degeneration {unknown}

Dungeon Overview and Level Annotations

Branches:
Dungeon (1/15)

Altars:

Shops:
D:2 ?

Annotations:
D:2 Terence


Message History

Terence is lightly wounded.
You shoot an arrow. The arrow hits Terence.
Terence is moderately wounded.
You shoot an arrow.
The arrow hits Terence but does no damage.
Terence is moderately wounded.
A goblin comes into view. It is wielding a +2 dagger of speed.
You shoot an arrow.
The arrow hits Terence but does no damage.
Terence is moderately wounded.
You shoot an arrow. The arrow barely misses Terence.
The arrow hits the goblin.
The goblin is heavily wounded.
Terence hits you but does no damage. Terence barely misses you.
You shoot an arrow. The arrow barely misses Terence.
The arrow closely misses the goblin.
Terence barely misses you.
You shoot an arrow. The arrow closely misses Terence.
The arrow barely misses the goblin.
A quokka comes into view.
Terence barely misses you.
You shoot an arrow.
The arrow hits Terence but does no damage.
Terence is moderately wounded.
Terence hits you with a +0 short sword.
You shoot an arrow. The arrow hits the goblin!
You kill the goblin!
Terence hits you with a +0 short sword.
You shoot an arrow.
The arrow hits Terence but does no damage.
Terence is moderately wounded.
Terence hits you with a +0 short sword. Terence misses you.
You shoot an arrow.
The arrow hits Terence but does no damage.
Terence is moderately wounded.
Terence hits you with a +0 short sword.
You shoot an arrow.
The arrow hits Terence but does no damage.
Terence is moderately wounded.
The quokka bites you.
You die...

#.##############.#
#.# #.# #.#
#########.####
#.######............#
#......#............#
######.#..........\.#
#...................#
#...................#
#.....@.............#
#.....@r########.####
######.## #.# #.# #.#
#.# #.# #.# #.# ...


You could see Terence and a quokka.

Vanquished Creatures
  A dart slug (D:1)
  2 endoplasms (D:1)
  A goblin (D:2)
  3 hobgoblins (D:1)
  A quokka (D:1)
  A bat (D:1)
  A frilled lizard (D:1)
  A rat (D:1)
11 creatures vanquished.

Notes
Turn   | Place    | Note
-------+----------+-------------------------------------------
     0 | D:1      | qw the Deep Elf Hunter began the quest for the Orb.
     0 | D:1      | Reached XP level 1. HP: 12/12 MP: 3/3
     0 | D:1      | 0 ||| qw: Version: 0.3-a-9-g12657ce
     0 | D:1      | 0 ||| qw: Game counter: 3330
     0 | D:1      | 0 ||| qw: Always use a shield: true
     0 | D:1      | 0 ||| qw: God list: Okawaru
     0 | D:1      | 0 ||| qw: Allow faded altars: false
     0 | D:1      | 0 ||| qw: Do Orc after D:15 true
     0 | D:1      | 0 ||| qw: Do second Lair branch before Depths: true
     0 | D:1      | 0 ||| qw: Lair rune preference: random
     0 | D:1      | 0 ||| qw: Plans: Normal
     0 | D:1      | 0 ||| PLANNING D:1-11
   146 | D:1      | Reached skill level 6 in Ranged Weapons
   146 | D:1      | Reached XP level 2. HP: 16/16 MP: 4/4
   269 | D:1      | You fall into a shaft and drop 1 floor!
   269 | D:2      | Found Uqamp's Magic Scroll Emporium.
   280 | D:2      | 280 ||| SHOPLISTING scroll of enchant armour (97 gold, have
                  | 51).
   280 | D:2      | 280 ||| BUYING scroll of identify (26 gold).
   280 | D:2      | Bought a scroll of identify for 26 gold pieces
   280 | D:2      | 280 ||| SHOPLISTING scroll of identify (26 gold, have 25).
   313 | D:2      | Noticed Terence
   325 | D:2      | HP: 2/16 [Terence/+0 short sword (4)]
   327 | D:2      | Slain by a quokka

Levels and vault maps discovered:
D:1:      saegor_arrival_simple_a, layout_loops_ring,
          dreamdust_mushroom_princess
D:2:      layout_basic, serial_shops, shop, uniq_terence

Skill      XL: |  1 |
---------------+----+-----
Ranged Weapons | 6 |  6.1
Fighting       | |  1.5
Dodging        | |  2.4
Stealth        | |  1.2

Action                     || total
---------------------------++-------
   Fire: Shortbow          ||    30
 Armour: Leather armour    ||     1
  Dodge: Dodged            ||     4

Table legend:
 A = Non-vault XP
 B = Vault XP
 C = Vault XP percentage of total XP
 D = Non-vault monster count
 E = Vault monster count
 F = Vault count percentage of total count
                 A         B        C        D         E       F
            +---------+---------+-------+---------+---------+-------
      Total |      21 |       0 |   0.0 |      11 |       0 |   0.0
            +---------+---------+-------+---------+---------+-------
        D:1 |      19 |       0 |   0.0 |      10 |       0 |   0.0
        D:2 |       2 |       0 |   0.0 |       1 |       0 |   0.0
            +---------+---------+-------+---------+---------+-------
